 Dungeon Crawl Stone Soup version 0.19-a0-1786-g230130f (webtiles) character file.

1372 4thArraOfDagon the Grappler (level 8, 66/66 HPs)
             Began as a Troll Monk on Oct 3, 2016.
             Quit the game on level 4 of the Dungeon.
             The game lasted 00:05:25 (1591 turns).

4thArraOfDagon the Grappler (Troll Monk)            Turns: 1591, Time: 00:05:26

Health: 66/66      AC:  7    Str: 20    XL:     8   Next: 38%
Magic:  7/7        EV: 10    Int:  8    God:
Gold:   141        SH:  0    Dex: 12    Spells: 0 memorised, 7 levels left

rFire  . . .     SeeInvis .       - Unarmed
rCold  . . .     Gourm    +     a - +0 robe
rNeg   . . .     Faith    .     (no shield)
rPois  .         Spirit   .     (helmet restricted)
rElec  .         Dismiss  .     (no cloak)
rCorr  .         Reflect  .     (gloves unavailable)
MR     .....     Harm     .     (boots unavailable)
Stlth  ++........               (no amulet)
                                s - ring of stealth
                                c - ring of wizardry

@: no status effects
A: unfitting armour, claws 3, yellow scales 1, fast metabolism 3, frail 1,
gourmand, regeneration 1, screaming 1, shaggy fur 1, tough skin 2
a: no special abilities


You were on level 4 of the Dungeon.
You were full.

You visited 1 branch of the dungeon, and saw 8 of its levels.

You collected 141 gold pieces.

Inventory:

Missiles
 j - a throwing net (quivered)
 n - 8 curare-tipped needles
Armour
 a - a +0 robe (worn)
Jewellery
 c - a ring of wizardry (left claw)
 s - a ring of stealth (right claw)
Wands
 e - a wand of random effects (42/48)
Scrolls
 m - a scroll of fog
 q - a scroll of noise
 r - a scroll of remove curse {unknown}
Potions
 d - a potion of might {unknown}
 g - a potion of agility {unknown}
 h - a potion of flight {unknown}
 i - a potion of degeneration {unknown}
 k - 5 potions of lignification
 l - 3 potions of curing
 o - a potion of mutation {unknown}
 p - a potion of ambrosia {unknown}
 t - a potion of brilliance {unknown}
Comestibles
 b - 2 bread rations
 f - a meat ration


   Skills:
 - Level 2.4 Fighting
 - Level 2.4 Dodging
 - Level 1.1 Stealth
 * Level 10.7 Unarmed Combat


You had 7 spell levels left.
You didn't know any spells.

Dungeon Overview and Level Annotations

Branches:
Dungeon (8/15)
 Temple: D:4-7         Lair: D:8-11

Altars:

Shops:
D:4 (   D:5 [


Innate Abilities, Weirdness & Mutations

You are too large for most types of armour.
You have claws for hands.
Your metabolism is lightning-fast.
You like to eat raw meat.
Your natural rate of healing is unusually fast.
You are covered in fur. (AC +1)
You have very tough skin. (AC +2)
You are partially covered in yellow scales. (AC +2)
You are frail. (-10% HP)
You occasionally shout uncontrollably at your foes.


Message History

t - a bubbling cyan potion You claw the howler monkey skeleton!
The howler monkey skeleton is heavily damaged.
The howler monkey skeleton barely misses you.
You scratch the howler monkey skeleton. You claw the howler monkey skeleton.
The howler monkey skeleton is severely damaged.
The howler monkey skeleton hits you but does no damage.
You mangle the howler monkey skeleton!!
You destroy the howler monkey skeleton!
You see here a scroll of amnesia.
You open the door.
There is an open door here.
You see here 10 stones.
There is an escape hatch in the ceiling here.
You can't go up here!
There is an escape hatch in the ceiling here.
A mysterious force pulls you upwards. The hatch slams shut behind you.
Unknown command.
Unknown command.
Are you sure you want to abandon this character and quit the game? (Confirm with "yes".)

.....# #.# #..#######
#.##.# ##.###.........
#.##.# #....+.........
#.##)#
#######.#.##.........
#.##.#
#.....#.#..'.........
#.##.#
#.....#.#..#.........
#.##.#
#.....#.#............ #.
..# #.....#.#.#..........
#.##
#...@.+...#.......... #.
#.....#.#.##.###..#+# #.
#.....#.#%##..##.... #.
#.....#.#####.##.### #+
#.....'..........#
.#######.....########...#
...........####
######...####
...........#
#............ #.........#
#.........###


There were no monsters in sight!

Vanquished Creatures
  A yak (D:6)
  A hog (D:8)
  Edmund (D:4)
  An orc warrior (D:3)
  A sky beast (D:8)
  2 ogres (D:5)
  2 bullfrogs
  3 howler monkeys (D:7)
  A centaur skeleton (D:7)
  An orc priest (D:3)
  3 orc wizards
  An iguana (D:5)
  Natasha (D:4)
  3 worker ants
  A hound zombie (D:6)
  A howler monkey skeleton (D:5)
  5 adders
  3 worms
  A dart slug (D:1)
  A leopard gecko (D:5)
  13 orcs
  2 jackals (D:4)
  A quokka (D:4)
  A bat (D:3)
  A frilled lizard (D:4)
  A goblin (D:1)
  A leopard gecko skeleton (D:4)
  2 rats (D:1)
56 creatures vanquished.

Notes
Turn   | Place    | Note
-------+----------+-------------------------------------------
     0 | D:1      | 4thArraOfDagon the Troll Monk began the quest for the Orb.
     0 | D:1      | Reached XP level 1. HP: 22/22 MP: 0/0
   131 | D:3      | Reached XP level 2. HP: 29/29 MP: 1/1
   161 | D:3      | Reached skill level 4 in Unarmed Combat
   164 | D:3      | Noticed an orc warrior
   177 | D:3      | Killed an orc warrior
   177 | D:3      | Reached skill level 5 in Unarmed Combat
   177 | D:3      | Reached XP level 3. HP: 36/36 MP: 2/2
   177 | D:3      | Reached XP level 4. HP: 44/44 MP: 3/3
   216 | D:3      | Reached XP level 5. HP: 48/50 MP: 4/4
   381 | D:5      | Entered Level 5 of the Dungeon
   408 | D:5      | Noticed an ogre
   425 | D:5      | Killed an ogre
   425 | D:5      | Reached skill level 6 in Unarmed Combat
   489 | D:5      | Reached XP level 6. HP: 42/59 MP: 5/5
   553 | D:6      | Reached skill level 7 in Unarmed Combat
   895 | D:7      | Reached skill level 8 in Unarmed Combat
   895 | D:7      | Reached XP level 7. HP: 65/66 MP: 6/6
   912 | D:7      | You fall through a shaft!
   928 | D:8      | Gained mutation: You are partially covered in yellow scales. (AC +2) [mutagenic meat]
   931 | D:8      | Gained mutation: You are weak. (Str -2) [mutagenic meat]
   934 | D:8      | Lost mutation: You are weak. (Str -2) [mutagenic meat]
   937 | D:8      | Gained mutation: You occasionally shout uncontrollably at your foes. [mutagenic meat]
   940 | D:8      | Gained mutation: You are frail. (-10% HP) [mutagenic meat]
   948 | D:8      | Noticed a hog
   948 | D:8      | Noticed a yak
   948 | D:8      | Noticed a yak
   948 | D:8      | Noticed a hog
   948 | D:8      | Noticed a human
   967 | D:8      | Killed a hog
   967 | D:8      | Reached skill level 9 in Unarmed Combat
  1049 | D:6      | Killed a yak
  1049 | D:6      | Reached XP level 8. HP: 22/66 MP: 7/7
  1063 | D:6      | Reached skill level 10 in Unarmed Combat
  1177 | D:5      | Found Cishumup's Armour Shoppe.
  1216 | D:4      | Noticed Natasha
  1218 | D:4      | Noticed Edmund
  1244 | D:4      | Killed Edmund
  1245 | D:4      | Killed Natasha
  1418 | D:4      | Found Xiseot's Weapon Shop.
  1591 | D:4      | Quit the game

Vault maps used:
D:1:      onia_arrival_pyramid
D:3:      first_bread
D:4:      serial_shops, kennysheep_little_box, uniq_sigmund, uniq_natasha,
          uniq_duvessa, uniq_edmund
D:5:      serial_shops, shop, grunt_ministairs_14, led_xom_imps, uniq_pikel
D:6:      glass_columns_a
D:7:      trog_wizard
D:8:      basic_altar, grunt_livestock

Skill      XL: |  1  2  3  4  5  6  7  8 |
---------------+-------------------------+-----
Unarmed Combat | 5 6 8 9 10 | 10.7
Fighting       | |  2.4
Dodging        | |  2.4
Stealth        | |  1.1

Action                   |  1- 3 |  4- 6 |  7- 9 || total
-------------------------+-------+-------+-------++-------
Melee: Unarmed           |    23 |    63 |    64 ||   150
       Punch             |     1 |       |     8 ||     9
  Use: Potion            |     1 |       |       ||     1
       Scroll            |       |     6 |     3 ||     9
 Stab: Sleeping          |       |     1 |       ||     1
  Eat: Chunk             |       |    12 |    11 ||    23
Armor: Robe              |     6 |    14 |    20 ||    40
Dodge: Dodged            |    18 |    16 |    25 ||    59
